 Dungeon Crawl Stone Soup version 0.20.1-1-g8b1a95d66d (webtiles) character file.

899 Pixllover the Cudgeler (level 7, -17/91 HPs)
             Began as a Minotaur Berserker on Jan 13, 2018.
             Was a Priest of Trog.
             Demolished by a two-headed ogre
             ... wielding a +0 great mace
              (26 damage)
             ... on level 5 of the Dungeon.
             The game lasted 00:10:33 (4706 turns).

Pixllover the Cudgeler (Minotaur Berserker)         Turns: 4706, Time: 00:10:34

Health: -17/91     AC:  9    Str: 29    XL:     7   Next: 79%
Magic:  6/6        EV:  9    Int:  4    God:    Trog [***...]
Gold:   282        SH:  9    Dex:  9    Spells: 6/6 levels left

rFire    . . .     SeeInvis .   v - +2 flail (crush)
rCold    . . .     Gourm    .   t - +0 shield
rNeg     . . .     Faith    +   u - +0 scale mail
rPois    .         Spirit   .   (helmet restricted)
rElec    .         Reflect  .   x - +1 cloak
rCorr    +         Harm     .   (no gloves)
MR       .....                  (no boots)
Stlth    ..........             q - amulet of faith
Regen    0.3/turn               o - ring of resist corrosion
MPRegen  0.1/turn               l - ring of stealth

@: berserking, drained, very quick
A: retaliatory headbutt, horns 2
a: Berserk, Trog's Hand, Burn Spellbooks, Renounce Religion


You were on level 5 of the Dungeon.
You worshipped Trog.
Trog was most pleased with you.
You were hungry.

You visited 1 branch of the dungeon, and saw 5 of its levels.

You collected 282 gold pieces.

Inventory:

Hand Weapons
 a - a +1 mace
 v - a +2 flail of crushing (weapon)
 w - a +2 quarterstaff of chaos
Missiles
 j - 8 javelins (quivered)
 s - 33 poisoned needles
Armour
 t - a +0 shield (worn)
 u - a +0 scale mail (worn)
 x - a +1 cloak (worn)
Jewellery
 l - a ring of stealth (right hand)
 o - a ring of resist corrosion (left hand)
 q - an amulet of faith (around neck)
Scrolls
 d - a scroll of blinking
 e - a scroll of remove curse {unknown}
 h - a scroll of identify
 i - a scroll of recharging {unknown}
 r - a scroll of enchant weapon
 y - a scroll of teleportation {unknown}
Potions
 b - 3 potions of brilliance {unknown}
 m - a potion of resistance {unknown}
 n - a potion of mutation {unknown}
Comestibles
 c - 5 bread rations
 f - 5 fruits
 g - 5 meat rations
 k - 7 royal jellies
 p - 5 chunks of flesh


   Skills:
 + Level 5.2(5.0) Fighting
 + Level 7.3(7.1) Maces & Flails
 + Level 5.9(5.7) Armour
 + Level 4.1(3.9) Dodging
 + Level 1.0(0.9) Stealth
 + Level 2.6(2.4) Shields


You had 6 spell levels left.
You didn't know any spells.

Dungeon Overview and Level Annotations

Branches:
Dungeon (5/15)
 Temple: D:4-7

Altars:
Elyvilon
Fedhas
Sif Muna
Zin

Shops:
D:5 (


Innate Abilities, Weirdness & Mutations

You reflexively headbutt those who attack you in melee.
You have a pair of horns on your head.


Message History

The adder barely misses you.
You barely miss the two-headed ogre.
The two-headed ogre is moderately wounded.
The adder bites you. Something hits you but does no damage.
The two-headed ogre hits you with a great mace!
* * * LOW HITPOINT WARNING * * *
The two-headed ogre hits you with a giant club.
* * * LOW HITPOINT WARNING * * *
You completely miss the two-headed ogre.
The two-headed ogre is moderately wounded.
You block the adder's attack. Something hits you.
* * * LOW HITPOINT WARNING * * *
Something shocks you.
* * * LOW HITPOINT WARNING * * *
You bludgeon the two-headed ogre!!
Your headbutt misses the two-headed ogre.
The two-headed ogre is almost dead.
You block the adder's attack.
The two-headed ogre hits you with a great mace!!
You die...

.. #... #.#.#
#. .... #.#.#
$.... ###.#.#
#.... #...#.#
#(.... #.###..
......##.# #.
.......#.####
#>.O{...#
#..S@...#
#.......#
.......###..$.∩
######.. .....
### .... ....
###


You could see a two-headed ogre and an adder.

Vanquished Creatures
  Edmund (D:5)
  A sky beast (D:4)
  A phantom (D:4)
  An ogre (D:5)
  A centaur (D:5)
  A big kobold (D:5)
  A crimson imp (D:5)
  2 hounds
  Crazy Yiuf (D:5)
  2 orc wizards
  2 worker ants
  5 adders
  An ooze (D:1)
  A worm (D:2)
  3 dart slugs
  4 leopard geckos
  10 orcs
  7 giant cockroaches
  6 goblins
  3 hobgoblins
  6 jackals
  13 kobolds
  3 quokkas
  3 ball pythons
  8 bats
  4 frilled lizards
  A jackal skeleton (D:4)
  11 rats
  4 fungi
  A plant (D:3)
108 creatures vanquished.

Notes
Turn   | Place    | Note
-------+----------+-------------------------------------------
     0 | D:1      | Pixllover the Minotaur Berserker began the quest for the Orb.
     0 | D:1      | Reached XP level 1. HP: 19/19 MP: 0/0
    38 | D:1      | HP: 1/20 [leopard gecko (2)]
   381 | D:1      | Reached skill level 4 in Maces & Flails
   381 | D:1      | Reached XP level 2. HP: 16/27 MP: 1/1
   980 | D:1      | Reached XP level 3. HP: 28/33 MP: 2/2
  1555 | D:2      | Reached ** piety under Trog
  1896 | D:2      | Reached XP level 4. HP: 30/41 MP: 3/3
  2215 | D:2      | Found a glowing silver altar of Zin.
  2479 | D:3      | Found a white marble altar of Elyvilon.
  2769 | D:3      | Reached skill level 5 in Maces & Flails
  2843 | D:3      | Found a blossoming altar of Fedhas.
  3174 | D:4      | Reached XP level 5. HP: 47/47 MP: 4/4
  3196 | D:4      | Reached *** piety under Trog
  3254 | D:4      | Found a deep blue altar of Sif Muna.
  3295 | D:4      | Noticed a phantom
  3308 | D:4      | Killed a phantom
  3308 | D:4      | Reached XP level 6. HP: 17/53 MP: 5/5
  3812 | D:4      | Noticed a sky beast
  3820 | D:4      | Killed a sky beast
  3820 | D:4      | Reached skill level 6 in Maces & Flails
  4123 | D:5      | Entered Level 5 of the Dungeon
  4151 | D:5      | Reached skill level 5 in Fighting
  4174 | D:5      | Reached skill level 1 in Shields
  4188 | D:5      | Reached skill level 5 in Armour
  4188 | D:5      | Reached skill level 1 in Stealth
  4188 | D:5      | Reached XP level 7. HP: 16/61 MP: 6/6
  4537 | D:5      | Noticed Edmund
  4546 | D:5      | Killed Edmund
  4546 | D:5      | Reached skill level 7 in Maces & Flails
  4600 | D:5      | Found a runed door.
  4604 | D:5      | Noticed Crazy Yiuf
  4610 | D:5      | Killed Crazy Yiuf
  4696 | D:5      | Noticed a two-headed ogre
  4701 | D:5      | Found Vacogiagh's Antique Weapon Boutique.
  4706 | D:5      | Demolished by a two-headed ogre

Skill      XL: |  1  2  3  4  5  6  7 |
---------------+----------------------+-----
Maces & Flails | 4 5 6 7 |  7.3
Fighting       | 4 5 |  5.2
Dodging        | 3 4 |  4.1
Armour         | 3 4 5 |  5.9
Shields        | 1 2 |  2.6
Stealth        | 1 |  1.0

Action                   |  1- 3 |  4- 6 |  7- 9 || total
-------------------------+-------+-------+-------++-------
Melee: Mace              |    83 |   167 |    20 ||   270
       Headbutt          |     6 |    39 |     3 ||    48
       Flail             |       |       |    13 ||    13
Invok: Berserk           |       |       |     3 ||     3
  Use: Potion            |     1 |     1 |       ||     2
       Scroll            |       |     6 |     1 ||     7
  Eat: Chunk             |     3 |     7 |     4 ||    14
Armor: Animal skin       |    17 |       |       ||    17
       Ring mail         |       |    35 |       ||    35
       Scale mail        |       |    10 |     6 ||    16
Dodge: Dodged            |    72 |    80 |    14 ||   166
Block: Shield            |       |    31 |    12 ||    43
